 Dungeon Crawl Stone Soup version 0.27.1-1-g398f81649c (webtiles) character file.

Game seed: 10109413964537923013

107 greenlake the Skirmisher (level 4, -11/42 HPs)
             Began as a Minotaur Fighter on Sept 10, 2021.
             Mangled by Crazy Yiuf (22 damage)
             ... on level 3 of the Dungeon.
             The game lasted 00:05:37 (1971 turns).

greenlake the Skirmisher (Minotaur Fighter)         Turns: 1971, Time: 00:05:37

Health: -11/42     AC:  6    Str: 22    XL:     4   Next: 57%
Magic:  0/3        EV:  9    Int:  5    God:
Gold:   115        SH:  0    Dex:  9    Spells: 3/3 levels left

rFire    . . .     SeeInvis .   a - +0 long sword
rCold    . . .     Faith    .   (no shield)
rNeg     . . .     Spirit   .   b - +0 scale mail
rPois    .         Reflect  .   (helmet restricted)
rElec    .         Harm     .   (no cloak)
rCorr    .         Rampage  .   (no gloves)
Will     .....                  (no boots)
Stlth    ..........             (no amulet)
HPRegen  0.14/turn              (no ring)
MPRegen  0.08/turn              (no ring)

@: no status effects
A: horns 2, retaliatory headbutt
a: no special abilities


You were on level 3 of the Dungeon.
You visited 1 branch of the dungeon, and saw 3 of its levels.

You collected 115 gold pieces.

Inventory:

Hand Weapons
 a - a +0 long sword (weapon)
Missiles
 m - 27 poisoned darts (quivered)
Armour
 b - a +0 scale mail (worn)
 c - a +0 kite shield
Jewellery
 f - a ring of fire
Scrolls
 e - 2 scrolls of blinking {unknown}
 g - 3 scrolls of teleportation {unknown}
 h - a scroll of identify {unknown}
 j - a scroll of magic mapping {unknown}
 k - a scroll of enchant armour {unknown}
 l - 2 scrolls of fog {unknown}
 o - a scroll of immolation {unknown}
Potions
 d - a potion of might
 i - a potion of berserk rage {unknown}
 n - a potion of brilliance {unknown}
 p - 2 potions of resistance {unknown}


   Skills:
 + Level 5.2 Fighting
 + Level 4.4 Long Blades
 - Level 3.6 Armour
 - Level 3.6 Shields


You had 3 spell levels left.
You didn't know any spells.
Your spell library contained the following spells:

 Spells                   Type           Power      Damage    Failure   Level
 Magic Dart               Conj           0%         1d3       80%         1
 Call Imp                 Summ           0%         N/A       90%         2
 Mephitic Cloud           Conj/Pois/Air  0%         N/A       99%         3
 Portal Projectile        Hex/Tloc       0%         N/A       99%         3
 Blade Hands              Tmut           0%         N/A       100%        5
 Excruciating Wounds      Necr           0%         N/A       100%        5


Dungeon Overview and Level Annotations

Branches:
Dungeon (3/15)

Altars:

Shops:
D:1 *

Annotations:
D:3 Crazy Yiuf


Innate Abilities, Weirdness & Mutations

You have a pair of horns on your head.
You reflexively headbutt those who attack you in melee.


Message History

The gnoll closely misses you.
You barely miss the gnoll.
The gnoll is heavily wounded.
The gnoll barely misses you.
You riposte.
You barely miss the gnoll.
The gnoll is heavily wounded.
You hit the gnoll.
The gnoll is severely wounded.
The gnoll hits you with a +0 whip.
* * * LOW HITPOINT WARNING * * *
You barely miss the gnoll.
The gnoll is severely wounded.
The gnoll completely misses you. You furiously retaliate!
You headbutt the gnoll.
You kill the gnoll!
You see here a +0 whip.
Found 9 stones.
You see here 9 stones.
Found a glowing mace.
Found a runed translucent door.
Crazy Yiuf shouts!
Crazy Yiuf screams, "Walk agre sanguine!"
You open the door.
Crazy Yiuf drinks a potion.
Crazy Yiuf seems to grow stronger.
Crazy Yiuf closely misses you.
You riposte.
You hit Crazy Yiuf. Your headbutt misses Crazy Yiuf.
Crazy Yiuf is lightly wounded.
There is an open translucent door here.
You hit Crazy Yiuf but do no damage.
Crazy Yiuf is lightly wounded.
Crazy Yiuf sings, "Trees, trees, trees, circus!"
Crazy Yiuf hits you with a +2 quarterstaff of chaos.
You feel your power leaking away.
You hit Crazy Yiuf.
Crazy Yiuf is moderately wounded.
Crazy Yiuf hits you with a +2 quarterstaff of chaos!!
Crazy Yiuf freezes you!
* * * LOW HITPOINT WARNING * * *
Crazy Yiuf whimpers, "Proton stair alas!"
Crazy Yiuf hits you with a +2 quarterstaff of chaos!!
Ouch! That really hurt!
You die...

#.# #....#
#.# ♣....♣
#.# ♣♣...♣
#.# ♣♣.♣♣
#.# ♣♣.♣ #.#
♣.♣♣ #.#
♣♣.♣
##########.#
♣.♣♣
#..........#
#@#
#......#####
#.g.#
.......#
#...#
#......#
#)..#
.......#
#####
#......#
######## #
#.#


You could see Crazy Yiuf (strong).

Vanquished Creatures
  4 gnolls (D:3)
  4 adders
  2 orcs (D:3)
  A ball python (D:2)
  5 bats
  2 giant cockroaches
  A goblin (D:2)
  2 hobgoblins
  5 jackals
  A quokka (D:2)
  3 frilled lizards
  3 kobolds
  A rat (D:3)
34 creatures vanquished.

Notes
Turn   | Place    | Note
-------+----------+-------------------------------------------
     0 | D:1      | greenlake the Minotaur Fighter began the quest for the Orb.
     0 | D:1      | Reached XP level 1. HP: 19/19 MP: 0/0
    79 | D:1      | Found Woes's General Store.
    96 | D:1      | Found a faded altar of an unknown god.
   378 | D:1      | Reached skill level 4 in Fighting
   378 | D:1      | Reached XP level 2. HP: 27/27 MP: 1/1
   974 | D:2      | Reached XP level 3. HP: 34/34 MP: 2/2
  1626 | D:3      | Reached XP level 4. HP: 41/41 MP: 3/3
  1688 | D:3      | Reached skill level 5 in Fighting
  1964 | D:3      | Found a runed translucent door.
  1965 | D:3      | Noticed Crazy Yiuf
  1971 | D:3      | Mangled by Crazy Yiuf

Illustrated notes

Levels and vault maps discovered:
D:1:      scummos_arrival_simple_crosswalls, layout_loops_cross,
          shapermc_ecumenical_altar_ellora, serial_shops, shop
D:2:      layout_loops_ring, serial_glass, glass_columns_a, glass_columns_a,
          glass_columns_b, glass_columns_b, glass_columns_a, glass_columns_b,
          minmay_liquid_box, minivault_14
D:3:      layout_rooms, uniq_crazy_yiuf_cottage

Skill      XL: |  1  2  3  4 |
---------------+-------------+-----
Fighting       | 4 5 |  5.2
Long Blades    | 3 4 |  4.4
Armour         | |  3.6
Shields        | |  3.6

Action                   |  1- 3 |  4- 6 || total
-------------------------+-------+-------++-------
Melee: Long sword        |    61 |    18 ||    79
       Headbutt          |     8 |     2 ||    10
Armor: Scale mail        |    42 |     6 ||    48
Dodge: Dodged            |    48 |    20 ||    68
Block: Kite shield       |     1 |       ||     1
       Rpst.: Long sword |     9 |     5 ||    14
